 Dungeon Crawl Stone Soup version 0.19-a0-905-ge5e6a15 (webtiles) character file.

345 Gagarin the Conjurer (level 6, -8/47 HPs)
             Began as a Draconian Conjurer on July 5, 2016.
             Killed by nerve-wracking pain
             ... invoked by Menkaure
              (14 damage)
             ... on level 3 of the Dungeon.
             The game lasted 00:11:09 (3088 turns).

Gagarin the Conjurer (Draconian Conjurer)           Turns: 3088, Time: 00:11:09

Health: -8/47      AC:  8    Str: 10    XL:     6   Next: 32%
Magic:  6/11       EV: 13    Int: 17    God:
Gold:   281        SH:  0    Dex: 12    Spells: 2 memorised, 9 levels left

rFire  . . .     SeeInvis .     d - +2 spear (pierce)
rCold  . . .     Gourm    .     (armour unavailable)
rNeg   . . .     Faith    .     (no shield)
rPois  .         Spirit   .     (helmet restricted)
rElec  .         Dismiss  .     e - +0 cloak
rCorr  .         Reflect  .     (no gloves)
SustAt .         Harm     .     f - +0 pair of boots
MR     .....                    (no amulet)
Stlth  ++........               (no ring)
                                (no ring)

@: flying, not resistant to hostile enchantments, unstealthy
A: unfitting armour, cold-blooded, AC +6
a: no special abilities


You were on level 3 of the Dungeon.
You were not hungry.

You visited 1 branch of the dungeon, and saw 4 of its levels.

You collected 281 gold pieces.

Inventory:

Hand Weapons
 d - a +2 spear of piercing (weapon)
 k - a +0 hunting sling
Missiles
 l - 50 sling bullets
Armour
 e - a +0 cloak (worn)
 f - a +0 pair of boots (worn)
Scrolls
 i - a scroll of fear {unknown}
 j - a scroll of identify
 m - a scroll of immolation
 n - a scroll of enchant weapon {unknown}
 o - 2 scrolls of remove curse {unknown}
 t - a scroll of recharging {unknown}
 v - a scroll of fog {unknown}
 w - a scroll of blinking {unknown}
 y - a scroll of enchant armour {unknown}
Potions
 h - a potion of haste
 p - a potion of flight
 q - a potion of agility
 r - a potion of curing
 s - a potion of resistance {unknown}
 u - a potion of might {unknown}
 x - a potion of brilliance {unknown}
Books
 a - a book of Conjurations

   Spells                             Type                      Level
   a - Magic Dart                     Conjuration                  1
   b - Searing Ray                    Conjuration                  2
   c - Dazzling Spray                 Conjuration/Hexes            3
   d - Fulminant Prism                Conjuration/Hexes            4
   e - Iskenderun's Mystic Blast      Conjuration                  4
   f - Iskenderun's Battlesphere      Conjuration/Charms           5
Comestibles
 b - 3 bread rations


   Skills:
 + Level 1.0 Fighting
 + Level 1.1 Polearms
 + Level 0.1 Slings
 + Level 2.9 Dodging
 + Level 2.6 Stealth
 + Level 0.4 Unarmed Combat
 + Level 3.5 Spellcasting
 + Level 5.5 Conjurations


You had 9 spell levels left.
You knew the following spells:

 Your Spells              Type           Power        Failure   Level  Hunger
a - Magic Dart            Conj           ###.         1%          1    None
b - Searing Ray           Conj           ###...       2%          2    ##.....


Dungeon Overview and Level Annotations

Branches:
Dungeon (4/15)
 Temple: D:4-7

Altars:
Gozag
Makhleb

Shops:
D:2 *

Annotations:
D:3 Menkaure
D:4 Duvessa


Innate Abilities, Weirdness & Mutations

Your plain brown scales are hard. (AC +6)
Your body does not fit into most forms of armour.
You are cold-blooded and may be slowed by cold attacks.


Message History

* * * LOW HITPOINT WARNING * * *
Menkaure hits you.
* * * LOW HITPOINT WARNING * * *
The searing ray hits Menkaure.
Menkaure is moderately damaged.
Menkaure barely misses you.
The searing ray hits Menkaure.
Menkaure is severely damaged.
Menkaure closely misses you.
The searing ray hits Menkaure.
Menkaure is almost destroyed.
You finish channeling your searing ray.
Menkaure barely misses you.
It was a potion of flight.
You feel very buoyant.
You fly up into the air.
Menkaure hits you!
* * * LOW HITPOINT WARNING * * *
It was a potion of curing.
You feel better. Menkaure misses you.
Menkaure gestures at you while chanting.
Pain shoots through your body!
You die...

...# #.# #####'###.#####.#
...# #.# #..##.#.....# ...#
#.# ##.##.#.###(# #### #.#
#.##.#.# #.# #.# #.##.#.#
#.# #.# #..#)#'###.# #.#
##.#.....#.# #.#
#########.#.....#.#
#.####....@M.........#.#
#....'.).............#.#
######...............#.####
#..)............+..#..
#..........>....#..#..
#..................###
#####........#########....
#..........((...# #####
#.......###.....#


You could see Menkaure.

Vanquished Creatures
  A crimson imp (D:2)
  3 orc priests (D:3)
  An orc wizard (D:3)
  Ijyb (D:2)
  3 gnolls (D:2)
  3 adders
  4 oozes
  3 worms
  3 dart slugs
  4 giant geckos
  4 orcs (D:3)
  A ball python (D:3)
  2 giant cockroaches (D:2)
  8 goblins
  8 hobgoblins
  6 jackals
  5 kobolds
  3 quokkas
  7 bats
  5 giant newts
  4 rats
79 creatures vanquished.

Notes
Turn   | Place    | Note
-------+----------+-------------------------------------------
     0 | D:1      | Gagarin the Draconian Conjurer began the quest for the Orb.
     0 | D:1      | Reached XP level 1. HP: 14/14 MP: 3/3
   191 | D:1      | Reached XP level 2. HP: 20/20 MP: 5/5
   388 | D:1      | Learned a level 2 spell: Searing Ray
   637 | D:1      | Reached XP level 3. HP: 25/26 MP: 6/6
  1299 | D:2      | Reached XP level 4. HP: 31/33 MP: 0/8
  1382 | D:2      | Reached skill level 5 in Conjurations
  1551 | D:2      | Found a burning altar of Makhleb.
  1591 | D:2      | Reached XP level 5. HP: 38/39 MP: 1/9
  1694 | D:2      | Found Gozag's Platinum Reserve.
  1700 | D:2      | Found an opulent altar of Gozag.
  1885 | D:2      | Noticed Ijyb
  1895 | D:2      | Killed Ijyb
  2423 | D:3      | Reached XP level 6. HP: 29/46 MP: 7/11
  2575 | D:3      | Reached skill level 1 in Polearms
  2712 | D:3      | Reached skill level 1 in Fighting
  3062 | D:4      | Noticed a slave
  3075 | D:4      | Noticed Menkaure
  3077 | D:4      | Noticed Duvessa
  3081 | D:4      | Noticed a slave
  3087 | D:3      | HP: 1/47 [Menkaure (9)]
  3088 | D:3      | Killed from afar by Menkaure

Vault maps used:
D:1:      minmay_arrival_stair_chambers
D:2:      makhleb_grotto_becter, nicolae_gozag_zags_fifth_avenue, uniq_iyjb
D:3:      first_bread
D:4:      kennysheep_mini, kennysheep_big_empty_room, roderic_serpentine_path,
          minmay_misc_feat_tower, uniq_menkaure, uniq_sigmund, uniq_pikel,
          uniq_duvessa

Skill      XL: |  1  2  3  4  5  6 |
---------------+-------------------+-----
Dodging        | 2 |  2.9
Stealth        | 2 |  2.6
Conjurations   | 5 |  5.5
Spellcasting   | 3 |  3.5
Polearms       | 1 |  1.1
Fighting       | 1 |  1.0
Slings         | |  0.1
Unarmed Combat | |  0.4

Action                   |  1- 3 |  4- 6 || total
-------------------------+-------+-------++-------
Melee: Unarmed           |    11 |       ||    11
       Tailslap          |     2 |     4 ||     6
       Spear             |    43 |    74 ||   117
 Fire: Hunting sling     |       |     2 ||     2
 Cast: Magic Dart        |    28 |    32 ||    60
       Searing Ray       |     3 |    10 ||    13
  Use: Scroll            |       |     3 ||     3
       Potion            |       |     2 ||     2
 Stab: Sleeping          |     2 |     4 ||     6
  Eat: Chunk             |     2 |     6 ||     8
Armor: Skin              |    17 |    23 ||    40
Dodge: Dodged            |    26 |    36 ||    62
